 Dungeon Crawl Stone Soup version 0.15-a0-1729-g99b9770 (webtiles) character file.

86 MirrMurr the Magician (level 4, 0/27 HPs)
             Began as an Octopode Wizard on June 27, 2014.
             Slain by a giant gecko (3 damage)
             ... on Level 3 of the Dungeon.
             The game lasted 00:11:22 (2282 turns).

MirrMurr the Magician (Octopode Wizard)             Turns: 2282, Time: 00:11:22

HP   0/27        AC  1     Str  7      XL: 4   Next: 50%
MP   3/10        EV 12     Int 20      God:
Gold 88          SH  0     Dex 10      Spells:  4 memorised,  1 level left

rFire  . . .     SeeInvis .     u - +0 spear
rCold  . . .     Clarity  .     (no shield)
rNeg   . . .     rCorr    .     b - +0 hat
rPois  .         rRot     .     (no amulet)
rElec  .         Spirit   .     (no ring)
SustAb .         Warding  .     (no ring)
rMut   .         Stasis   .     (no ring)
Gourm  .                        (no ring)
MR     .....                    (no ring)
                                (no ring)
                                (no ring)
                                (no ring)

@: not resistant to hostile enchantments, fairly stealthy
A: almost no armour, amphibious, 8 rings, constrict 8, camouflage 1, gelatinous
body 1
a: no special abilities


You were on level 3 of the Dungeon.
You were not hungry.

You visited 1 branch of the dungeon, and saw 3 of its levels.

You collected 88 gold pieces.

Inventory:

Hand weapons
 a - a +2 mace of holy wrath
 u - a +0 spear (weapon)
Missiles
 h - 60 stones (quivered)
Armour
 b - a +0 hat (worn)
Magical devices
 p - a wand of enslavement (14)
Comestibles
 d - 4 bread rations
 g - a meat ration
 j - a chunk of rat flesh
 l - a chunk of hobgoblin flesh
Scrolls
 f - a scroll of remove curse
Potions
 k - a potion of restore abilities {unknown}
 m - a potion of degeneration {unknown}
 s - a potion of heal wounds {unknown}
 v - a potion of brilliance {unknown}
Books
 c - a book of Minor Magic

   Spells                             Type                      Level
   *Magic Dart                        Conjuration                  1
   *Blink                             Translocation                2
   Call Imp                           Summoning                    2
   Repel Missiles                     Charms/Air                   2
   Slow                               Hexes                        2
   *Conjure Flame                     Conjuration/Fire             3
   *Mephitic Cloud                    Conjuration/Poison/Air       3


   Skills:
 - Level 2.0 Dodging
 - Level 2.6 Stealth
 + Level 3.5 Spellcasting
 * Level 3.5 Conjurations
   Level 1.0 Summonings
 - Level 1.0 Translocations


You had one spell level left.
You knew the following spells:

 Your Spells              Type           Power        Failure   Level  Hunger
a - Magic Dart            Conj           ###.         3%          1    None
b - Blink                 Tloc           N/A          17%         2    ##.....
c - Conjure Flame         Conj/Fire      ##......     21%         3    ###....
d - Mephitic Cloud        Conj/Pois/Air  #.......     24%         3    ###....


Dungeon Overview and Level Annotations

Branches:
Dungeon (3/15)

Altars:

Portals:
Sewer: D:3

Annotations:
D:3 Decloudo's ghost, average DsWn


Innate Abilities, Weirdness & Mutations

You cannot wear most types of armour.
You are amphibious.
You can wear up to eight rings at the same time.
You can use your tentacles to constrict many enemies at once.
Your skin changes colour to match your surroundings (Stealth).
Your rubbery body absorbs attacks (AC +1).


Message History

You start resting.
Your magical contamination has completely faded away.
You start resting.
A giant cockroach is nearby!
A giant cockroach is nearby!
A giant gecko and a giant mite come into view.
Found a slice of pizza.
Found a glowing drain.
A giant mite comes into view.
The giant gecko bites you.
* * * LOW HITPOINT WARNING * * *
The giant gecko misses you. The giant gecko closely misses you.
You see here a giant mite corpse.
Things that are here:
a flail x2
There is a stone staircase leading up here.
The giant gecko bites you.
* * * LOW HITPOINT WARNING * * *
The giant gecko bites you.
You die...

..##.##≈≈≈#
#..#.##≈≈≈#
#....#.%.#
#....##..#
#....###.#
#.....)%.#
#.....####
##...######
#@ls......#
#.........
#.........
##........
........
###.... ..!
..


You could see a giant gecko and a giant cockroach.

Vanquished Creatures
  3 adders
  A giant mite (D:3)
  An ooze (D:2)
  4 orcs
  2 giant cockroaches
  4 hobgoblins
  7 jackals
  3 kobolds
  A quokka (D:2)
  A ball python (D:1)
  11 bats
  2 giant newts
  6 goblins
  7 rats
53 creatures vanquished.

Notes
Turn   | Place    | Note
--------------------------------------------------------------
     0 | D:1      | MirrMurr, the Octopode Wizard, began the quest for the Orb.
     0 | D:1      | Reached XP level 1. HP: 11/11 MP: 4/4
   493 | D:1      | Reached XP level 2. HP: 17/17 MP: 3/6
   504 | D:1      | Learned a level 2 spell: Blink
  1239 | D:2      | Reached XP level 3. HP: 21/21 MP: 0/8
  1248 | D:1      | Learned a level 3 spell: Conjure Flame
  2072 | D:3      | Reached XP level 4. HP: 23/27 MP: 7/9
  2098 | D:3      | Noticed Decloudo's ghost (average DsWn)
  2123 | D:2      | Learned a level 3 spell: Mephitic Cloud
  2271 | D:3      | Found a glowing drain.
  2282 | D:3      | Slain by a giant gecko

Action                   |  1- 3 |  4- 6 || total
-------------------------+-------+-------++-------
Melee: Mace              |     3 |       ||     3
       Spear             |    10 |    11 ||    21
 Cast: Magic Dart        |    87 |    16 ||   103
       Blink             |       |     1 ||     1
Evoke: Wand              |     1 |       ||     1
  Use: Scroll            |     8 |       ||     8
       Potion            |       |     2 ||     2
